 Dungeon Crawl Stone Soup version 0.28-a0-1182-g381e24db82 (webtiles) character file.

Game seed: 7404300781599148345

707361 Analysis the Conqueror (level 27, -11/151 (179) HPs)
             Began as a Gargoyle Berserker on Dec 14, 2021.
             Was the Champion of Trog.
             Killed by divine providence
             ... invoked by a daeva
              (16 damage)
             ... on level 4 of the Depths on Dec 17, 2021.
             The game lasted 09:58:44 (84618 turns).

Analysis the Conqueror (Gargoyle Berserker)        Turns: 84618, Time: 09:58:50

HP:   -11/151 (179) AC: 69    Str: 26 (30) XL:     27
MP:   22/23         EV:  8    Int: 13 (15) God:    Trog [******]
Gold: 7216          SH: 15    Dex:  2 (4)  Spells: 26/26 levels left

rFire   + + +      SeeInvis +   C - +9 morningstar "Newtbane" {flame, Will+ Str+3 Int+4 Dex-5}
rCold   + + +      Faith    .   N - +0 kite shield {reflect}
rNeg    + + .      Spirit   .   X - +16 crystal plate armour of Lesser Demons {rCorr Slay+3 SInv Stlth+}
rPois   ∞          Reflect  +   F - +0 mask of the Dragon {Will+ Slay+3 SInv}
rElec   +          Harm     .   Z - +2 cloak of Geiroos {rF+ rC+ Str+4 Int+3}
rCorr   +          Rampage  .   I - +0 pair of gloves "Qezxogu" {rPois rC+ Regen+}
Will    +++++      Rage     3%  s - +0 pair of boots
Stlth   ..........              z - amulet of Tygiod {Acrobat rN+ Stlth+}
HPRegen 0.00/turn               L - ring of Garaig {+Blink rPois rF+ rC+ Str-4}
MPRegen 0.18/turn               K - ring "Elletan" {rF+ rC+ Will+}

@: flying, inhibited regen, studying Staves, heavily drained, unable to read
A: sickness immunity, AC +20, big wings, negative energy resistance 1,
electricity resistance, torment resistance 1, petrification resistance, horns 1,
berserk 2, clumsy 1, deformed body, deterioration 1, dopey 1, frail 1,
strong-willed 1, sense surroundings 1, inhibited regeneration, weak 2, inability
to read while threatened
0: Orb of Zot
}: 5/15 runes: decaying, serpentine, slimy, silver, abyssal
a: Renounce Religion, Evoke Blink, Berserk, Trog's Hand, Brothers in Arms


You were on level 4 of the Depths.
You worshipped Trog.
Trog was exalted by your worship.
You visited 13 branches of the dungeon, and saw 59 of its levels.
You visited the Abyss 1 time.
You also visited: Bailey.

You collected 8409 gold pieces.
You spent 1193 gold pieces at shops.

Inventory:

Hand Weapons
 C - the +9 morningstar "Newtbane" (weapon) {flame, Will+ Str+3 Int+4 Dex-5}
   (You bought it in a shop on level 7 of the Dungeon)

   It burns those it strikes, dealing additional fire damage.
   Str:       It affects your strength (+3).
   Int:       It affects your intelligence (+4).
   Dex:       It affects your dexterity (-5).
   Will:      It increases your willpower.
 E - the +6 morningstar of the Heavens {freeze, +Blink rPois rC+ SInv}
   (You found it on level 5 of the Pits of Slime)

   It freezes those it strikes, dealing additional cold damage.
   It can also slow down cold-blooded creatures.
   rC:        It protects you from cold.
   rPois:     It protects you from poison.
   SInv:      It lets you see invisible.
   +Blink:    It lets you blink.
Armour
 s - a +0 pair of boots (worn)
 F - the +0 mask of the Dragon (worn) {Will+ Slay+3 SInv}
   (You found it on level 3 of the Elven Halls)

   Slay:      It affects your accuracy & damage with ranged weapons and melee
   (+3).
   SInv:      It lets you see invisible.
   Will:      It increases your willpower.
 I - the +0 pair of gloves "Qezxogu" (worn) {rPois rC+ Regen+}
   (You found it on level 12 of the Dungeon)

   rC:        It protects you from cold.
   rPois:     It protects you from poison.
   Regen:     It increases your rate of health regeneration.
 N - a +0 kite shield of reflection (worn)
 X - the +16 crystal plate armour of Lesser Demons (worn) {rCorr Slay+3 SInv Stlth+}
   (You found it on level 3 of the Elven Halls)

   Slay:      It affects your accuracy & damage with ranged weapons and melee
   (+3).
   SInv:      It lets you see invisible.
   rCorr:     It protects you from acid and corrosion.
   Stlth:     It makes you more stealthy.
 Z - the +2 cloak of Geiroos (worn) {rF+ rC+ Str+4 Int+3}
   (You found it on level 3 of the Elven Halls)

   Str:       It affects your strength (+4).
   Int:       It affects your intelligence (+3).
   rF:        It protects you from fire.
   rC:        It protects you from cold.
Jewellery
 z - the amulet of Tygiod (around neck) {Acrobat rN+ Stlth+}
   (You took it off a deep elf death mage on level 3 of the Elven Halls)

   [amulet of the acrobat]

   It increases your evasion while moving and waiting.
   rN:        It protects you from negative energy.
   Stlth:     It makes you more stealthy.
 K - the ring "Elletan" (right hand) {rF+ rC+ Will+}
   (You found it on level 5 of the Pits of Slime)

   [ring of willpower]

   rF:        It protects you from fire.
   rC:        It protects you from cold.
   Will:      It increases your willpower.
 L - the ring of Garaig (left hand) {+Blink rPois rF+ rC+ Str-4}
   (You acquired it on level 5 of the Vaults)

   [ring of protection from fire]

   Str:       It affects your strength (-4).
   rF:        It protects you from fire.
   rC:        It protects you from cold.
   rPois:     It protects you from poison.
   +Blink:    It lets you blink.
 M - a +6 ring of dexterity
 Q - the ring of Atinam {Fire rN+}
   (You took it off a deep elf elementalist on level 3 of the Elven Halls)

   [ring of fire]

   It enhances your fire magic.
   rF:        It protects you from fire.
   rC:        It makes you vulnerable to cold.
   rN:        It protects you from negative energy.
Wands
 a - a wand of acid (14)
 u - a wand of flame (99)
 D - a wand of charming (8)
 G - a wand of paralysis (17)
 P - a wand of mindburst (45)
 W - a wand of iceblast (8)
 Y - a wand of digging (13)
Scrolls
 c - 5 scrolls of torment
 d - 16 scrolls of teleportation
 f - 5 scrolls of immolation
 h - 7 scrolls of enchant weapon
 j - 8 scrolls of fog
 k - 6 scrolls of magic mapping
 l - 30 scrolls of identify
 m - 5 scrolls of enchant armour
 n - 5 scrolls of brand weapon
 x - 7 scrolls of vulnerability
 y - 7 scrolls of fear
 A - 10 scrolls of amnesia
 B - 8 scrolls of blinking
 J - 4 scrolls of holy word
 R - a scroll of summoning
 T - 3 scrolls of silence
Potions
 b - 8 potions of ambrosia
 e - 27 potions of curing
 g - 3 potions of invisibility
 i - 5 potions of mutation
 o - 3 potions of might
 p - 5 potions of lignification
 q - 11 potions of brilliance
 r - 3 potions of berserk rage
 v - 6 potions of magic
 w - 3 potions of cancellation
 H - a potion of haste
 O - 7 potions of attraction
 S - 2 potions of resistance
Miscellaneous
 t - the horn of Geryon
 V - a box of beasts


   Skills:
 O Level 27 Fighting
 O Level 27 Maces & Flails
 O Level 27 Armour
 + Level 5.3 Dodging
 O Level 27 Shields
 + Level 19.2 Evocations


You had 26 spell levels left.
You didn't know any spells.
Your spell library was empty.

Dungeon Overview and Level Annotations

Branches:
Dungeon (15/15)            Temple (1/1) D:7            Lair (6/6) D:10
  Swamp (4/4) Lair:4        Snake (4/4) Lair:2        Slime (5/5) Lair:6
    Orc (2/2) D:10            Elf (3/3) Orc:2        Vaults (5/5) D:14
  Crypt (0/3) Vaults:2     Depths (4/4) D:15           Hell (visited)
    Dis (0/7) Hell            Geh (4/7) Hell            Coc (0/7) Hell
    Tar (0/7) Hell            Zot (5/5) Depths:4     Bailey (visited)

Altars:
Ashenzari
Cheibriados
Dithmenos
Elyvilon
Fedhas
Gozag
Hepliaklqana
Kikubaaqudgha
Makhleb
Nemelex Xobeh
Okawaru
Qazlal
Ru
Sif Muna
Trog
Uskayaw
Vehumet
Wu Jian
Xom
Yredelemnul
Zin
The Shining One
Beogh
Jiyva

Shops:
D:2 *   D:7 (   D:10 (?=   D:12 :   Orc:2 [([*   Elf:2 ?   Vaults:3 :
Vaults:5 =[

Portals:
Hell: Depths:1 Depths:2 Depths:3 Depths:4
Abyss: Depths:3
Pandemonium: Depths:2 Depths:4
Ziggurat: Depths:4
Trove: D:13 (give 8 potions of haste)

Annotations:
Vaults:4 2 transporters, juzbaz's ghost, veteran GrBe
Depths:1 Mara


Innate Abilities, Weirdness & Mutations

You are immune to sickness and miasma.
Your stone body is resilient. (AC +20)
You are immune to poison.
Your large and strong wings let you fly.
You resist negative energy. (rN+)
You are resistant to electric shocks. (rElec)
You are resistant to unholy torment.
You are immune to petrification.
You have a pair of small horns on your head.
You often lose your temper in combat.
You are clumsy. (Dex -2)
Armour fits poorly on your strangely shaped body.
Your body sometimes deteriorates upon taking damage.
You are dopey. (Int -2)
You are frail. (-10% HP)
You are strong-willed. (Will+)
You passively map a small area around you.
You do not regenerate when monsters are visible.
You are very weak. (Str -4)
You sometimes lose the ability to read scrolls when taking damage.


Message History

* * * LOW HITPOINT WARNING * * *
A Brimstone Fiend comes into view.
The Brimstone Fiend moves out of view.
Muasa hits you!
* * * LOW HITPOINT WARNING * * *
Your magical effects are unravelling.
You feel magically purged.
You feel yourself slow down.
Your resistance to elements expires.
Muasa is no longer moving quickly.
Muasa hits you.
* * * LOW HITPOINT WARNING * * *
You block Muasa's attack.
You cannot read scrolls in your current state!
Aiming: Paralyse
Press: ? - help, Shift-Dir - straight line, f - Muasa
Aim: Muasa (chance to affect: 0%)
Okay, then.
Aiming: Mindburst
Press: ? - help, Shift-Dir - straight line, f - Muasa
Aim: Muasa (chance to affect: 10%)
Okay, then.
Okay, then.
Your deep troll goes berserk!
Muasa gestures.
Muasa seems to speed up.
Muasa closely misses you. Muasa gestures at you.
You resist with almost no effort.
Your deep troll barely misses Muasa.
Your deep troll completely misses Muasa.
Your deep troll claws Muasa!!
Muasa hits you!!
* * * LOW HITPOINT WARNING * * *
Okay, then.
Unknown command.
Okay, then.
You blink.
The daeva shouts!
Your deep troll bites Muasa but does no damage.
Your deep troll misses Muasa. x2
The daeva calls down the wrath of the Shining One upon you.
The Shining One smites you!
You die...

.................................
<#.......1.....................[.
.#.............................[.
....1..∩......T............##..[.
...............&§................
...................^.............
.................................
..................<..............
................@..#..........###
...................#........### #
...........................##
....^....................###
.............#....#......#
............###...#.^....#
.........).##A##..##....##
..........##.∩A##.###.###
.......#...##.##..# ###


You could see Muasa (fast, ally target), 2 daevas, a Brimstone Fiend and a
friendly deep troll (summoned, berserk).

Vanquished Creatures
  the Royal Jelly (Slime:5)
  3 dread liches
  4 ancient liches
  7 orbs of fire
  2 juggernauts
  Boris (Vaults:5)
  5 Killer Klowns
  Bai Suzhen (Vaults:3)
  Saint Roka (Snake:4)
  10 curse toes
  A caustic shrike (Depths:4)
  Vashnia (Snake:3)
  Geryon (Hell)
  12 golden dragons
  A Brimstone Fiend (Zot:2)
  2 bone dragons
  5 electric golems
  22 tentacled monstrosities
  24 Orb Guardians (Zot:5)
  6 hellephants
  4 searing wretches
  2 liches
  The ghost of Plog the Human Blade, an adept HuBe of Trog (Elf:2)
  2 deep elf blademasters (Elf:3)
  Asterion (Vaults:2)
  6 death cobs
  2 deep elf master archers (Elf:3)
  12 quicksilver dragons
  2 tentacled starspawn
  Frances (Snake:1)
  6 titans
  An ancient champion (Vaults:2)
  An Executioner (Abyss:2)
  9 sphinxes
  19 acid blobs
  The ghost of kirikocho the Warrior, an adept OpCK of Xom (Elf:1)
  11 shadow dragons
  10 azure jellies
  5 nagarajas
  2 thorn hunters
  A revenant (Hell)
  7 rockslimes
  Kirke (Elf:1)
  Donald (Snake:4)
  9 tengu reavers
  A fenstrider witch (Swamp:2)
  16 storm dragons
  The ghost of makewrite the Tortoise, a journeyman MiBe of Trog (Swamp:2)
  6 draconian knights
  9 fire giants
  2 draconian monks (Zot:5)
  7 frost giants
  3 orc warlords
  4 iron dragons
  5 draconian scorchers
  3 ghouls (Swamp:4)
  6 deep elf sorcerers
  Aizul (Snake:3)
  3 deep elf elementalists
  A juggernaut zombie (Hell)
  19 vault wardens
  3 ghost moths
  A curse skull (Vaults:2)
  The ghost of crabbyslav the Warrior, a journeyman OgCA of Ignis (Lair:4)
  5 spriggan defenders
  2 balrugs
  2 draconian stormcallers
  A cacodemon (Hell)
  9 draconian shifters
  An angel (Abyss:2)
  20 ironbound preservers
  8 reapers (Hell)
  5 draconian annihilators
  The ghost of MirrMurr the Unseen, an adept SpEn of Dithmenos (Snake:1)
  8 quicksilver oozes
  7 ironbound thunderhulks
  14 stone giants
  4 war gargoyles
  6 green draconians
  6 vampire knights
  7 eleionomae
  15 very ugly things
  16 yellow draconians
  13 black draconians
  2 lorocyprocas
  10 deep elf annihilators
  5 deep elf demonologists (Elf:3)
  5 dire elephants
  10 white draconians
  12 red draconians
  3 entropy weavers (Vaults:3)
  15 spark wasps
  3 bunyips
  8 purple draconians
  An iron golem (Depths:1)
  2 blizzard demons (Abyss:3)
  8 fire dragons
  Josephine (Lair:4)
  A merfolk impaler (Abyss:3)
  11 ettins
  7 deep elf death magi
  5 shambling mangroves
  2 fire dragons (shapeshifter)
  6 deep elf high priests
  12 naga warriors
  Harold (D:8)
  17 yaktaur captains
  29 hydras
  6 salamander tyrants
  15 great orbs of eyes
  The ghost of Gelon the Zephyrmancer, a journeyman TeAE of Vehumet (Lair:3)
  11 ice dragons
  A rakshasa (Depths:2)
  A juggernaut simulacrum (Depths:3)
  40 vault guards
  2 quicksilver dragon skeletons
  3 hell beasts (Hell)
  6 boulder beetles
  14 spriggan air magi
  35 centaur warriors
  3 ghost crabs
  3 peacekeepers
  A spriggan zombie (Hell)
  6 anacondas
  13 alligators
  6 two-headed ogres
  7 ironbound frosthearts
  A spriggan skeleton (Hell)
  A fenstrider witch skeleton (Hell)
  4 ogre magi
  25 dancing weapons
  A catoblepas (Lair:3)
  A death knight (D:12)
  9 deep troll shamans
  14 deep troll earth magi
  6 tengu warriors
  A vampire mage (Depths:2)
  17 naga sharpshooters
  A shock serpent (shapeshifter) (Depths:3)
  14 hell knights
  6 shock serpents
  Urug (Orc:1)
  30 hell hogs
  An orc high priest (Orc:1)
  11 spriggan berserkers
  8 soul eaters
  A thrashing horror (Abyss:1)
  11 iron trolls
  6 sun demons
  13 deep elf knights
  7 salamander mystics
  A wretched star (Abyss:2)
  A spatial maelstrom (Abyss:2)
  3 anaconda zombies (Hell)
  A shadow wraith (Vaults:4)
  4 goliath frogs
  2 golden dragon zombies
  2 sixfirhies (Hell)
  3 glowing orange brains
  7 swamp dragons
  3 spectral hydras (Swamp:4)
  6 sea snakes
  3 spriggan druids
  6 skeletal warriors
  2 spark wasp zombies (Depths:3)
  7 bog bodies
  5 flayed ghosts
  8 naga ritualists
  69 deep trolls
  10 phantasmal warriors
  17 ironbound convokers
  11 deep elf archers
  13 lindwurms
  An orange crystal statue (Zot:5)
  7 wizards
  A harpy (shapeshifter) (Vaults:5)
  5 harpies (Vaults:1)
  32 deep elf pyromancers
  A sphinx zombie (Vaults:1)
  11 necromancers
  11 orc knights
  15 deep elf zephyrmancers
  A fire giant zombie (Vaults:4)
  4 manticores
  8 orc sorcerers
  8 shining eyes
  5 mana vipers
  2 human zombies
  4 oklob plants
  3 cyclopes
  27 ugly things
  A manticore (shapeshifter) (Vaults:5)
  3 will-o-the-wisps
  21 salamanders
  6 guardian serpents
  10 apocalypse crabs
  22 elephants
  An ice statue (Hell)
  6 rust devils
  20 moths of wrath
  3 worldbinders
  38 black mambas
  A stone giant skeleton (Hell)
  21 naga magi
  10 smoke demons
  A torpor snail (Lair:6)
  7 molten gargoyles
  3 orange demons
  22 vault sentinels
  16 cane toads
  A dire elephant skeleton (Hell)
  2 gargoyles
  3 eyes of devastation
  3 hellions
  Maggie (D:8)
  2 efreet
  11 komodo dragons
  2 freezing wraiths
  2 hellwings (Abyss:2)
  4 rime drakes
  A tormentor (Hell)
  A demonic crawler (Hell)
  3 tengu conjurers
  A silent spectre (Abyss:3)
  30 yaktaurs
  An ancient zyme (Abyss:2)
  10 meliai
  4 hydra zombies (Swamp:4)
  2 ice devils (Depths:2)
  A yaktaur skeleton (Vaults:4)
  A red devil (Depths:2)
  A jumping spider (shapeshifter) (D:13)
  2 queen bees
  13 trolls
  A sea snake skeleton (Hell)
  7 polar bears
  Grinder (D:3)
  3 death drake zombies (Swamp:4)
  30 hornets
  6 tyrant leeches
  Prince Ribbit (D:6)
  2 hydra skeletons (Hell)
  A harpy skeleton (Hell)
  15 raiju
  133 slime creatures
  5 dream sheep (Lair:2)
  9 blink frogs
  A stone giant simulacrum (Vaults:1)
  An alligator zombie (Hell)
  A meliai zombie (D:11)
  An alligator skeleton (Hell)
  6 redbacks (Vaults:3)
  17 spriggans
  3 air elementals
  7 large abominations
  A tarantella (Vaults:3)
  3 flying skulls (Abyss:2)
  A redback (shapeshifter) (Vaults:5)
  7 water elementals
  5 wraiths
  A shadow (D:12)
  3 fire elementals
  79 yaks
  3 hogs (Elf:1)
  7 wyverns
  16 golden eyes
  9 small abominations
  4 basilisks
  3 chaos spawn
  2 steam dragons
  6 fire bats (Depths:1)
  A vampire mosquito (Swamp:2)
  A neqoxec (Zot:3)
  Menkaure (D:5)
  16 swamp worms
  50 nagas
  4 wargs
  An acid dragon (D:13)
  Edmund (D:5)
  4 hell hounds (Lair:6)
  15 water moccasins
  3 floating eyes
  4 hydra simulacra
  3 swamp drakes
  Duvessa (D:7)
  2 floating eyes (shapeshifter)
  A hornet zombie (D:6)
  2 swamp dragon zombies (Swamp:4)
  4 ice beasts
  4 black bears
  5 necrophages
  51 orc warriors
  2 sky beasts (D:6)
  18 ogres
  28 wolves
  4 boggarts (Vaults:1)
  18 centaurs
  10 bullfrogs
  A wyvern zombie (D:4)
  A demonspawn simulacrum (Abyss:2)
  2 earth elementals
  A scorpion (D:7)
  A water moccasin zombie (D:5)
  Dowan (D:7)
  A human simulacrum (Vaults:4)
  21 killer bees
  14 wights
  A howler monkey (D:8)
  6 electric eels
  5 lava snakes (Lair:6)
  A quasit (Abyss:3)
  10 starcursed masses (Abyss:2)
  2 centaur zombies
  A jelly (D:7)
  A centaur skeleton (D:5)
  2 bullfrog skeletons (D:5)
  A gnoll shaman (D:8)
  26 orc priests
  4 hounds
  An iguana (D:6)
  30 orc wizards
  4 lightning spires (Abyss:3)
  2 killer bee zombies
  2 hound skeletons (D:4)
  2 howler monkey zombies
  8 gnolls
  8 adders
  A howler monkey skeleton (D:4)
  A shadow imp (D:3)
  A white imp (Abyss:2)
  2 ufetubi
  2 adder skeletons (D:4)
  2 worms
  A dart slug (D:1)
  134 orcs
  6 ball pythons
  4 bats
  8 endoplasms
  4 giant cockroaches
  12 goblins
  4 hobgoblins
  3 jackals
  6 quokkas
  8 frilled lizards
  16 kobolds
  8 rats
  A fire vortex (Geh:1)
2692 creatures vanquished.

Vanquished Creatures (collateral kills)
  An Orb Guardian (Zot:5)
  An acid blob (Slime:5)
  3 azure jellies (Slime:5)
  A rockslime (Slime:5)
  2 quicksilver oozes (Slime:5)
  A great orb of eyes (Slime:5)
  A shambling mangrove (Swamp:4)
  3 slime creatures (Slime:5)
13 creatures vanquished.

Vanquished Creatures (others)
  A golden dragon (Zot:5)
  A shadow dragon (Zot:5)
  A draconian monk (Zot:5)
  A draconian knight (Zot:4)
  A draconian stormcaller (Zot:5)
  A black draconian (Zot:5)
  A green draconian (Zot:5)
  A vault guard (Vaults:5)
  A hell hog (Hell)
  A deep elf knight (Elf:2)
  A wizard (Vaults:3)
  A deep elf pyromancer (Elf:3)
  A deep elf zephyrmancer (Elf:3)
  A komodo dragon (Lair:6)
  A bloated husk (Swamp:2)
  A fire bat (Depths:1)
  A naga (Snake:4)
  2 bushes (Lair:4)
  A creeping inferno (Geh:3)
  16 foxfires
  24 fungi
  85 plants
145 creatures vanquished.

Grand Total: 2850 creatures vanquished

Notes
Turn   | Place    | Note
-------+----------+-------------------------------------------
     0 | D:1      | Analysis the Gargoyle Berserker began the quest for the
                  | Orb.
     0 | D:1      | Reached XP level 1. HP: 14/14 MP: 1/1
   234 | D:1      | Reached XP level 2. HP: 18/19 MP: 2/2
  1080 | D:1      | Reached XP level 3. HP: 23/23 MP: 3/3
  1280 | D:2      | Reached ** piety under Trog
  1643 | D:2      | Reached XP level 4. HP: 26/29 MP: 4/4
  1708 | D:2      | Noticed a necrophage
  1718 | D:2      | Killed a necrophage
  1719 | D:2      | Reached XP level 5. HP: 33/33 MP: 5/5
  2114 | D:2      | Found Xomuycw's Assorted Antiques.
  2292 | D:3      | Found a faded altar of an unknown god.
  2514 | D:3      | Found a stormy altar of Qazlal.
  2530 | D:3      | Noticed Grinder
  2544 | D:3      | Reached skill level 5 in Maces & Flails
  2571 | D:3      | Found a shimmering blue altar of Sif Muna.
  2728 | D:3      | Found a white marble altar of Elyvilon.
  2728 | D:3      | Found a shadowy altar of Dithmenos.
  2789 | D:3      | Paralysed by Grinder for 6 turns
  2795 | D:3      | Killed Grinder
  2796 | D:3      | Reached XP level 6. HP: 16/40 MP: 6/6
  3262 | D:4      | Reached skill level 5 in Fighting
  3302 | D:3      | Reached XP level 7. HP: 38/44 MP: 7/7
  3384 | D:4      | Reached *** piety under Trog
  3885 | D:5      | Entered Level 5 of the Dungeon
  3885 | D:5      | Noticed Menkaure
  4049 | D:5      | Reached skill level 5 in Armour
  4477 | D:5      | Noticed Edmund
  4550 | D:4      | Reached XP level 8. HP: 35/51 MP: 8/8
  4989 | D:5      | Killed Edmund
  5226 | D:5      | Killed Menkaure
  5687 | D:5      | Found a hazy altar of Hepliaklqana.
  5959 | D:6      | Found an ancient bone altar of Kikubaaqudgha.
  6395 | D:6      | Reached XP level 9. HP: 56/56 MP: 9/9
  7621 | D:7      | Found a shimmering altar of Xom.
  7622 | D:7      | Found Behoek's Antique Weapon Shoppe.
  7627 | D:7      | Found a staircase to the Ecumenical Temple.
  7628 | D:7      | Noticed Prince Ribbit
  7676 | D:6      | Killed Prince Ribbit
  7677 | D:6      | Reached skill level 10 in Maces & Flails
  7841 | D:7      | Noticed Duvessa
  7841 | D:7      | Noticed Dowan
  8233 | D:7      | Bought a slimy morningstar for 216 gold pieces
  8233 | D:7      | Identified the +9 morningstar "Newtbane" {flame, Will+
                  | Str+3 Int+4 Dex-5} (You bought it in a shop on level 7 of
                  | the Dungeon)
  8266 | D:7      | Killed Duvessa
  8268 | D:7      | Killed Dowan
  8403 | D:7      | Reached XP level 10. HP: 65/65 MP: 10/10
  8517 | D:7      | Reached **** piety under Trog
  8614 | D:7      | Found a snail-covered altar of Cheibriados.
  8748 | D:7      | Found a large runed translucent door.
  8749 | D:7      | Found a large runed translucent door.
  8847 | D:7      | Found a bloodstained altar of Trog.
  8856 | D:7      | Found a glowing golden altar of the Shining One.
  8953 | D:7      | Found a sparkling altar of Nemelex Xobeh.
  9089 | D:8      | Noticed Maggie
  9101 | D:8      | Killed Maggie
  9611 | D:8      | Found a hide-covered altar of Uskayaw.
  9653 | D:8      | Noticed a two-headed ogre
 10487 | Temple   | Entered the Ecumenical Temple
 10931 | D:8      | Noticed Harold
 11585 | D:9      | Found an ornate altar of the Wu Jian Council.
 11711 | D:9      | You fall into a shaft and drop 3 floors!
 11733 | D:12     | Noticed a death knight
 11738 | D:12     | Noticed a skeletal warrior
 11748 | D:12     | Killed a death knight
 11749 | D:12     | Reached skill level 10 in Fighting
 11751 | D:12     | Noticed a phantasmal warrior
 11753 | D:12     | Killed a skeletal warrior
 11754 | D:12     | Reached XP level 11. HP: 69/73 MP: 11/11
 11764 | D:12     | Killed a phantasmal warrior
 12026 | D:12     | Noticed a phantasmal warrior
 12030 | D:12     | Killed a phantasmal warrior
 12374 | D:12     | Noticed a deep elf high priest
 12374 | D:12     | Noticed an ettin
 12374 | D:12     | Noticed a yaktaur captain
 12382 | D:12     | Found a runed translucent door.
 12382 | D:12     | Noticed a stone giant
 12382 | D:12     | Noticed a tengu reaver
 12412 | D:12     | Noticed a manticore
 12425 | D:12     | Killed a manticore
 12970 | D:11     | Noticed a manticore
 12983 | D:11     | Killed a manticore
 13055 | D:11     | Found a flagged portal.
 13062 | Bailey   | Entered a bailey
 13075 | Bailey   | Reached ***** piety under Trog
 13636 | Bailey   | Noticed an orc knight
 13701 | D:10     | Entered Level 10 of the Dungeon
 13710 | D:10     | Noticed an orc knight
 13735 | D:10     | Killed an orc knight
 13919 | D:10     | Found a staircase to the Orcish Mines.
 13921 | D:10     | Found Usmuha's Weapon Emporium.
 14124 | D:9      | Noticed a two-headed ogre
 14130 | D:9      | Killed a two-headed ogre
 14279 | D:9      | Noticed a two-headed ogre
 14286 | D:9      | Killed a two-headed ogre
 14425 | D:9      | Reached XP level 12. HP: 80/80 MP: 12/12
 14718 | D:10     | Found Oclafiat's Magic Scroll Shop.
 14732 | D:10     | Bought a scroll of enchant armour for 105 gold pieces
 14732 | D:10     | Bought a scroll of identify for 28 gold pieces
 14852 | D:10     | Noticed a fire dragon
 14861 | D:10     | Killed a fire dragon
 14884 | D:10     | Identified the +7 chain mail of the Garden {rCorr}
 15010 | D:10     | Reached skill level 15 in Maces & Flails
 15082 | D:10     | Found a staircase to the Lair.
 15109 | D:10     | Found Ydghodar's Jewellery Shoppe.
 15596 | D:11     | Received a gift from Trog
 16154 | D:12     | Found Ycurchey's Book Shop.
 16646 | D:12     | Identified the +1 chain mail of Indomitability {Int+4}
 16646 | D:12     | Noticed a deep elf high priest
 16646 | D:12     | Noticed an orc warlord
 16646 | D:12     | Noticed a deep troll earth mage
 16764 | Orc:1    | Entered Level 1 of the Orcish Mines
 16776 | Orc:1    | Noticed Urug
 17037 | Orc:1    | Killed Urug
 17562 | Orc:1    | Noticed an orc high priest
 17571 | Orc:1    | Killed an orc high priest
 17776 | Lair:1   | Entered Level 1 of the Lair of Beasts
 17923 | Lair:1   | Reached XP level 13. HP: 72/88 MP: 13/13
 18831 | Lair:1   | Received a gift from Trog
 19064 | Lair:2   | Reached skill level 10 in Armour
 19300 | Lair:2   | Found a staircase to the Snake Pit.
 20322 | Lair:3   | Reached skill level 15 in Fighting
 20914 | Lair:3   | Found a runed translucent door.
 20915 | Lair:3   | Found a shimmering altar of Xom.
 20915 | Lair:3   | Noticed Gelon's ghost (journeyman TeAE)
 21252 | Lair:4   | Noticed Josephine
 21268 | Lair:4   | Killed Josephine
 21272 | Lair:4   | Gained mutation: Your large and strong wings let you fly.
                  | [Gargoyle growth]
 21272 | Lair:4   | Reached XP level 14. HP: 99/99 MP: 14/14
 21475 | Lair:4   | Found a transporter.
 21478 | Lair:4   | Found a transporter.
 21479 | Lair:4   | Noticed crabbyslav's ghost (journeyman OgCA)
 21900 | Lair:4   | Received a gift from Trog
 22037 | Lair:4   | Found a staircase to the Swamp.
 22955 | Lair:5   | Reached ****** piety under Trog
 23597 | Lair:6   | Entered Level 6 of the Lair of Beasts
 23966 | Lair:6   | Received a gift from Trog
 23986 | Lair:6   | Reached XP level 15. HP: 108/108 MP: 15/15
 24099 | Lair:6   | Found a large runed translucent door.
 24099 | Lair:6   | Found a large runed translucent door.
 24126 | Lair:6   | Reached skill level 15 in Armour
 24780 | Lair:6   | Found a viscous altar of Jiyva.
 24781 | Lair:6   | Found a staircase to the Slime Pits.
 25282 | Lair:6   | Upgraded the game from 0.28-a0-1147-gc7b72d3202 to
                  | 0.28-a0-1159-g27aa881441
 25331 | Lair:4   | Identified the +2 scale mail of Grottiness {+Inv rC+ SInv}
 25869 | Orc:1    | Received a gift from Trog
 26029 | Orc:2    | Entered Level 2 of the Orcish Mines
 26220 | Orc:2    | Reached skill level 1 in Shields
 26463 | Orc:2    | Noticed an orc warlord
 26558 | Orc:1    | You are sucked into a shaft and drop 1 floor!
 26872 | Orc:2    | Found Plog's Armour Shop.
 26907 | Orc:2    | Bought a +2 pair of gloves for 231 gold pieces
 26963 | Orc:2    | Found a staircase to the Elven Halls.
 27110 | Orc:2    | Found Jimif's General Store.
 27115 | Orc:2    | Bought a potion of heal wounds for 55 gold pieces
 27144 | Orc:2    | Identified the +2 great mace "Tateoz" {flame, rC++ rCorr}
                  | (Trog gifted it to you on level 2 of the Orcish Mines)
 27144 | Orc:2    | Received a gift from Trog
 27486 | Orc:2    | Killed an orc warlord
 27596 | Orc:2    | Found Kont's Antique Weapon Boutique.
 27598 | Orc:2    | Found Fanyseyh's Antique Armour Shop.
 27605 | Orc:2    | Bought a glowing helmet for 217 gold pieces
 28115 | D:13     | Found a portal to a secret trove of treasure.
 29566 | D:14     | Reached skill level 5 in Shields
 29595 | D:14     | Found a gate to the Vaults.
 29746 | D:14     | Reached XP level 16. HP: 95/116 MP: 16/16
 30018 | D:14     | Received a gift from Trog
 30215 | D:15     | Entered Level 15 of the Dungeon
 30215 | D:15     | Found a broken altar of Ashenzari.
 30264 | D:15     | Found a glowing golden altar of the Shining One.
 30834 | D:15     | Found a staircase to the Depths.
 31378 | Depths:1 | Entered Level 1 of the Depths
 31774 | Swamp:1  | Entered Level 1 of the Swamp
 31867 | Swamp:1  | Received a gift from Trog
 32527 | Swamp:2  | Noticed makewrite's ghost (journeyman MiBe)
 32529 | Swamp:2  | Noticed a tentacled monstrosity
 32530 | Swamp:2  | Noticed a thorn hunter
 32531 | Swamp:2  | Noticed a tentacled monstrosity
 32855 | Lair:3   | Killed Gelon's ghost
 33138 | D:8      | Killed Harold
 33902 | Swamp:2  | Reached XP level 17. HP: 124/124 MP: 17/17
 33923 | Swamp:2  | Found a transporter.
 33961 | Swamp:2  | Found a transporter.
 34228 | Swamp:2  | HP: 7/186 [eleionoma (12)]
 34550 | Swamp:2  | Reached XP level 18. HP: 130/130 MP: 18/18
 35365 | Swamp:4  | Entered Level 4 of the Swamp
 36557 | Swamp:4  | Received a gift from Trog
 36738 | Swamp:4  | HP: 5/132 [constriction (7)]
 37408 | Swamp:4  | Found a blossoming altar of Fedhas.
 37424 | Swamp:4  | Found a basalt altar of Yredelemnul.
 37438 | Swamp:4  | Got a decaying rune of Zot
 37793 | Snake:1  | Entered Level 1 of the Snake Pit
 37885 | Snake:1  | Reached XP level 19. HP: 132/137 MP: 11/19
 38139 | Snake:1  | Received a gift from Trog
 38192 | Snake:1  | Noticed Frances
 38204 | Snake:1  | Killed Frances
 38462 | Snake:1  | Found a runed translucent door.
 38463 | Snake:1  | Found a shimmering altar of Xom.
 38463 | Snake:1  | Noticed MirrMurr's ghost (adept SpEn)
 39196 | Snake:2  | Identified the +11 whip of Weklu {freeze, Fragile rF+ rC++
                  | rCorr}
 39657 | Snake:2  | Received a gift from Trog
 39892 | Snake:3  | Noticed Aizul
 39914 | Snake:3  | Killed Aizul
 40087 | Snake:3  | Identified 3 scrolls of acquirement
 40089 | Snake:3  | Acquired a manual of Shields
 40093 | Snake:3  | Acquired the +4 cloak of Hedge Wizardry {Rampage Str+2}
 40106 | Snake:3  | Acquired 984 gold pieces
 40167 | Snake:3  | Noticed Vashnia
 40218 | Snake:3  | Killed Vashnia
 40647 | Snake:3  | Reached skill level 15 in Shields
 41690 | Snake:4  | Entered Level 4 of the Snake Pit
 41788 | Snake:4  | Received a gift from Trog
 41795 | Snake:4  | Noticed Saint Roka
 42268 | Snake:4  | Noticed Donald
 42286 | Snake:4  | Killed Donald
 42423 | Snake:4  | Killed Saint Roka
 42757 | Snake:4  | Reached XP level 20. HP: 130/148 MP: 20/20
 43039 | Snake:4  | Received a gift from Trog
 43231 | Snake:4  | Got a serpentine rune of Zot
 43981 | Depths:1 | Noticed Mara
 44089 | Depths:1 | Found a gateway to Hell.
 44333 | Depths:1 | Found a white marble altar of Elyvilon.
 44759 | Depths:1 | Found a snail-covered altar of Cheibriados.
 45037 | Depths:1 | Upgraded the game from 0.28-a0-1159-g27aa881441 to
                  | 0.28-a0-1167-g616b1c6417
 45049 | Depths:1 | Noticed Analysis's illusion
 45118 | Vaults:1 | Entered Level 1 of the Vaults
 45238 | Vaults:1 | Received a gift from Trog
 46280 | Vaults:1 | Reached XP level 21. HP: 146/158 MP: 21/21
 46316 | Vaults:1 | Received a gift from Trog
 46943 | Vaults:2 | Noticed Asterion
 46967 | Vaults:2 | Killed Asterion
 47081 | Vaults:2 | Found a staircase to the Crypt.
 48425 | Vaults:3 | Acquired the +12 plate armour "Nuox" {Will+}
 48491 | Vaults:3 | Received a gift from Trog
 48929 | Vaults:3 | Noticed Bai Suzhen
 49533 | Vaults:3 | Found Hucupief's Book Shop.
 49937 | Vaults:4 | Reached XP level 22. HP: 151/166 MP: 22/22
 49996 | Vaults:4 | Received a gift from Trog
 50806 | Vaults:4 | Noticed juzbaz's ghost (veteran GrBe)
 50806 | Vaults:4 | Noticed an ancient lich
 51066 | Vaults:4 | Identified the +10 hand axe "Igumuz" {flame, rF- rCorr
                  | SInv} (Trog gifted it to you on level 4 of the Vaults)
 51066 | Vaults:4 | Received a gift from Trog
 51192 | Vaults:4 | Found a transporter.
 51241 | Vaults:4 | Found a transporter.
 51866 | D:12     | Identified the +1 ring mail of Mental Paralysis {Int+2}
 51870 | D:12     | Identified the +0 pair of gloves "Qezxogu" {rPois rC+
                  | Regen+}
 52098 | Lair:4   | Killed crabbyslav's ghost
 52635 | Depths:2 | Found an ornate altar of the Wu Jian Council.
 52718 | Depths:2 | Found a hide-covered altar of Uskayaw.
 53045 | Depths:2 | Received a gift from Trog
 53430 | Depths:2 | Found a one-way gate leading to the halls of Pandemonium.
 53795 | Depths:2 | Upgraded the game from 0.28-a0-1167-g616b1c6417 to
                  | 0.28-a0-1182-g381e24db82
 53962 | Depths:3 | Reached XP level 23. HP: 118/174 MP: 23/23
 54015 | Depths:3 | Noticed a juggernaut
 54101 | Depths:3 | Reached skill level 27 in Fighting
 54749 | Depths:3 | Killed a juggernaut
 54901 | Depths:3 | Found a sparkling altar of Nemelex Xobeh.
 54908 | Depths:3 | Received a gift from Trog
 54975 | Depths:3 | Found a one-way gate to the infinite horrors of the Abyss.
 55725 | Depths:3 | Noticed a golden dragon
 55726 | Depths:3 | Noticed a golden dragon
 55827 | Depths:2 | Killed a golden dragon
 56236 | Depths:3 | Killed a golden dragon
 56865 | Depths:4 | Entered Level 4 of the Depths
 56865 | Depths:4 | Noticed a golden dragon
 56894 | Depths:4 | Noticed a caustic shrike
 56995 | Depths:4 | Reached XP level 24. HP: 181/181 MP: 23/23
 57015 | Depths:4 | Killed a caustic shrike
 57477 | Depths:4 | Found a runed translucent door.
 57482 | Depths:4 | Found a runed translucent door.
 57525 | Depths:4 | Received a gift from Trog
 57543 | Depths:4 | Found a runed translucent door.
 57567 | Depths:4 | Found a runed translucent door.
 57575 | Depths:4 | Found a runed translucent door.
 57804 | Depths:4 | Paralysed by a floating eye for 4 turns
 57814 | Depths:4 | Paralysed by a floating eye for 4 turns
 57822 | Depths:4 | Paralysed by a floating eye for 4 turns
 57894 | Depths:4 | Found a gate to the Realm of Zot.
 57990 | Depths:4 | Noticed a juggernaut
 58001 | Depths:4 | Killed a juggernaut
 58088 | Depths:4 | Found a one-way gateway to a ziggurat.
 58208 | Depths:4 | Found a shimmering blue altar of Sif Muna.
 58464 | Depths:4 | Found a runed translucent door.
 59053 | Swamp:2  | Killed makewrite's ghost
 59063 | Swamp:2  | Received a gift from Trog
 59323 | Snake:1  | Killed MirrMurr's ghost
 59328 | Snake:1  | Identified the +2 quarterstaff of Objectivity {flame, rElec
                  | rF+ rC- Will++ Dex+2}
 59501 | Elf:1    | Entered Level 1 of the Elven Halls
 59662 | Elf:1    | Noticed Kirke
 59676 | Elf:1    | Killed Kirke
 59853 | Elf:1    | Found a large runed translucent door.
 59853 | Elf:1    | Found a large runed translucent door.
 59858 | Elf:1    | Noticed kirikocho's ghost (adept OpCK)
 59959 | Elf:1    | Paralysed by an air elemental for 1 turns
 60068 | Elf:1    | Received a gift from Trog
 60540 | Elf:1    | Killed kirikocho's ghost
 60588 | Elf:2    | Found Cigholycer's Magic Scroll Shoppe.
 60607 | Elf:2    | Bought a scroll of fear for 52 gold pieces
 60607 | Elf:2    | Bought a scroll of teleportation for 45 gold pieces
 60607 | Elf:2    | Bought a scroll of teleportation for 45 gold pieces
 60680 | Elf:2    | Found a runed translucent gate.
 60681 | Elf:2    | Found a runed translucent gate.
 60681 | Elf:2    | Found a runed translucent gate.
 60782 | Elf:2    | Found a runed translucent door.
 60783 | Elf:2    | Noticed Plog's ghost (adept HuBe)
 60811 | Elf:2    | Killed Plog's ghost
 61016 | Elf:2    | Reached XP level 25. HP: 177/187 MP: 23/23
 61203 | Elf:2    | Received a gift from Trog
 61467 | Elf:3    | Entered Level 3 of the Elven Halls
 61724 | Elf:3    | Paralysed by an air elemental for 1 turns
 61729 | Elf:3    | Paralysed by an air elemental for 1 turns
 62445 | Elf:3    | Identified the +7 flail of Conscience {vorpal, rElec Will+
                  | rCorr} (Trog gifted it to you on level 3 of the Elven
                  | Halls)
 62445 | Elf:3    | Received a gift from Trog
 62538 | Elf:3    | Identified the +6 morningstar "Booroic" {drain, rF- rCorr
                  | SInv}
 62538 | Elf:3    | Identified the amulet of Tygiod {Acrobat rN+ Stlth+}
 62704 | Elf:3    | Identified the +10 long sword of Burning Courage {protect,
                  | rF+}
 62704 | Elf:3    | Identified the ring of Atinam {Fire rN+}
 62760 | Elf:3    | Found the +0 mask of the Dragon {Will+ Slay+3 SInv}
 62761 | Elf:3    | Found the +8 lance "Wyrmbane" {slay drac, rPois rF+ rC+
                  | AC+3}
 62767 | Elf:3    | Identified the +16 crystal plate armour of Lesser Demons
                  | {rCorr Slay+3 SInv Stlth+}
 62783 | Elf:3    | Identified the +2 cloak of Geiroos {rF+ rC+ Str+4 Int+3}
 62812 | Elf:3    | Identified the +8 hand axe of Overwhelming Force {pain,
                  | Fly}
 63182 | Depths:3 | Voluntarily entered the Abyss.
 63402 | Abyss:2  | Identified the +2 leather armour of the Thunderstorm {MP-9
                  | Int+3 Slay+2}
 63459 | Abyss:2  | Paralysed by accursed screaming for 2 turns
 63782 | Abyss:2  | Identified the +8 arbalest of Qaxahe {elec, Int+5 Stlth+}
 63911 | Abyss:3  | Got an abyssal rune of Zot
 63914 | Abyss:3  | Identified the +9 flail "Beetlebane" {vorpal, Str+7 Stlth-}
                  | (Trog gifted it to you on level 3 of the Abyss)
 63914 | Abyss:3  | Received a gift from Trog
 64056 | Depths:3 | Escaped the Abyss
 64387 | Slime:1  | Entered Level 1 of the Pits of Slime
 64698 | Slime:1  | Gained mutation: You tend to lose your temper in combat. [a
                  | shining eye]
 64712 | Slime:1  | Gained mutation: Your body sometimes deteriorates upon
                  | taking damage. [a shining eye]
 64714 | Slime:2  | Gained mutation: You are clumsy. (Dex -2) [a shining eye]
 64761 | Slime:2  | Gained mutation: You have hidden genetic defects. [a
                  | shining eye]
 64915 | Slime:1  | Gained mutation: You are dopey. (Int -2) [a shining eye]
 64917 | Slime:1  | Gained mutation: Your magical capacity is low. (-10% MP) [a
                  | shining eye]
 65633 | Slime:3  | Received a gift from Trog
 66225 | Slime:4  | Reached XP level 26. HP: 193/193 MP: 20/20
 66237 | Slime:4  | Gained mutation: You are very clumsy. (Dex -4) [hidden
                  | defects]
 66375 | Slime:3  | Lost mutation: Your magical capacity is low. (-10% MP)
                  | [potion of mutation]
 66375 | Slime:3  | Lost mutation: You tend to lose your temper in combat.
                  | [potion of mutation]
 66375 | Slime:3  | Lost mutation: You are dopey. (Int -2) [potion of mutation]
 66375 | Slime:3  | Gained mutation: You are weak. (Str -2) [potion of
                  | mutation]
 66375 | Slime:3  | Gained mutation: You passively map a small area around you.
                  | [potion of mutation]
 66376 | Slime:3  | Lost mutation: You have hidden genetic defects. [potion of
                  | mutation]
 66376 | Slime:3  | Lost mutation: You passively map a small area around you.
                  | [potion of mutation]
 66376 | Slime:3  | Lost mutation: Your body sometimes deteriorates upon taking
                  | damage. [potion of mutation]
 66376 | Slime:3  | Gained mutation: You have a pair of small antennae on your
                  | head. [potion of mutation]
 66376 | Slime:3  | Gained mutation: You have hidden genetic defects. [potion
                  | of mutation]
 66376 | Slime:3  | Gained mutation: You have large cloven feet. [potion of
                  | mutation]
 66584 | Slime:5  | Entered Level 5 of the Pits of Slime
 66617 | Slime:5  | Reached skill level 27 in Armour
 66684 | Slime:5  | Received a gift from Trog
 66933 | Slime:5  | Noticed the Royal Jelly
 66964 | Slime:5  | Killed the Royal Jelly
 67239 | Slime:5  | Gained mutation: Your magical capacity is low. (-10% MP) [a
                  | shining eye]
 67450 | Slime:5  | Lost mutation: You are very clumsy. (Dex -4) [a shining
                  | eye]
 67460 | Slime:5  | Gained mutation: You are occasionally teleported next to
                  | monsters. [hidden defects]
 67461 | Slime:5  | Lost mutation: You are weak. (Str -2) [potion of mutation]
 67461 | Slime:5  | Lost mutation: You have large cloven feet. [potion of
                  | mutation]
 67461 | Slime:5  | Lost mutation: Your magical capacity is low. (-10% MP)
                  | [potion of mutation]
 67461 | Slime:5  | Gained mutation: You occasionally shout uncontrollably at
                  | your foes. [potion of mutation]
 67462 | Slime:5  | Lost mutation: You occasionally shout uncontrollably at
                  | your foes. [potion of mutation]
 67462 | Slime:5  | Lost mutation: You are occasionally teleported next to
                  | monsters. [potion of mutation]
 67462 | Slime:5  | Lost mutation: You are clumsy. (Dex -2) [potion of
                  | mutation]
 67462 | Slime:5  | Gained mutation: Your mind is acute. (Int +2) [potion of
                  | mutation]
 67462 | Slime:5  | Gained mutation: You passively map a small area around you.
                  | [potion of mutation]
 67462 | Slime:5  | Gained mutation: You are partially covered in iridescent
                  | scales. (AC +2) [potion of mutation]
 67585 | Slime:5  | Identified the +6 morningstar of the Heavens {freeze,
                  | +Blink rPois rC+ SInv}
 67586 | Slime:5  | Identified the ring "Elletan" {rF+ rC+ Will+}
 67593 | Slime:5  | Got a slimy rune of Zot
 67644 | Slime:5  | Identified the +12 chain mail of the Good {Will+ Str+3
                  | Int+4 Stlth+}
 67666 | Slime:5  | Identified the ring "Fetav" {Ice rPois Dex+3 Stlth+}
 67684 | Slime:5  | Identified the +7 spear of Governance {freeze, *Noise rElec
                  | SInv}
 68508 | Vaults:5 | Entered Level 5 of the Vaults
 68877 | Vaults:5 | Received a gift from Trog
 68918 | Vaults:5 | Gained mutation: Your spells are a little easier to cast,
                  | but a little less powerful. [hidden defects]
 68918 | Vaults:5 | Lost mutation: You have hidden genetic defects. [hidden
                  | defects expressed]
 68958 | Vaults:5 | Acquired the ring of Garaig {+Blink rPois rF+ rC+ Str-4}
 69018 | Vaults:5 | Found Ysetus's Jewellery Emporium.
 69052 | Vaults:5 | Found Fyntue's Antique Armour Shop.
 69070 | Vaults:5 | Noticed an ancient lich
 69428 | Vaults:4 | Killed an ancient lich
 69433 | Vaults:4 | Killed an ancient lich
 69686 | Vaults:5 | Bought a pair of slimy gloves for 199 gold pieces
 69686 | Vaults:5 | Identified the +1 pair of gloves of the Barber Surgeon
                  | {rF+} (You bought it in a shop on level 5 of the Vaults)
 69708 | Vaults:5 | Identified the +3 hand axe of Brutal Revenge {vorpal,
                  | Dex+3} (Trog gifted it to you on level 5 of the Vaults)
 69708 | Vaults:5 | Received a gift from Trog
 69726 | Vaults:5 | Reached skill level 27 in Shields
 69737 | Vaults:5 | Noticed Boris
 69756 | Vaults:5 | Killed Boris
 69958 | Vaults:5 | Identified the ring "Fuuged" {Fly rPois rCorr Str+4}
 69972 | Vaults:5 | Identified the +3 trident of Untimely Demise {vorpal, rC+
                  | Stlth+}
 70157 | Vaults:5 | Noticed a dread lich
 70169 | Vaults:5 | Killed a dread lich
 70181 | Vaults:5 | Reached XP level 27. HP: 199/199 MP: 23/23
 70234 | Vaults:5 | Noticed a dread lich
 70241 | Vaults:5 | Killed a dread lich
 70383 | Vaults:5 | Identified the +7 great mace of the Lurker {antimagic,
                  | +Blink rF+++ Int-3 Dex+4} (Trog gifted it to you on level 5
                  | of the Vaults)
 70383 | Vaults:5 | Received a gift from Trog
 70418 | Vaults:5 | Identified the +7 triple sword of Apyl {freeze, rF- Will++
                  | Str+4}
 70419 | Vaults:5 | Identified the +6 crystal plate armour of Weirdness {rF+
                  | Will++}
 70767 | Vaults:5 | Got a silver rune of Zot
 70777 | Vaults:5 | Identified the +9 dagger of the Endless Expanse {spect,
                  | Int+4}
 71655 | Vaults:3 | Killed Bai Suzhen
 72148 | Swamp:4  | Reached skill level 1 in Evocations
 72684 | Zot:1    | Entered Level 1 of the Realm of Zot
 73059 | Zot:1    | Identified the +7 falchion "Wephow" {flame, Will+ Str+4}
 73062 | Zot:1    | Identified the +8 chain mail of Muuzojoc {Rampage +Inv
                  | Regen+ Int-3}
 73615 | Zot:1    | Reached skill level 5 in Evocations
 74132 | Zot:2    | Received a gift from Trog
 75408 | Zot:2    | Noticed an orb of fire
 75426 | Zot:2    | Killed an orb of fire
 76477 | Zot:3    | Received a gift from Trog
 76498 | Zot:3    | Acquired a manual of Evocations
 76945 | Zot:4    | Reached skill level 10 in Evocations
 77409 | Zot:4    | Acquired a manual of Evocations
 77753 | Zot:5    | Entered Level 5 of the Realm of Zot
 78436 | Zot:5    | Identified the +2 dagger of Infinite Pain {freeze, +Blink
                  | MP-9 Str+8}
 78871 | Zot:5    | Noticed an orb of fire
 78881 | Zot:5    | Gained mutation: You do not regenerate when monsters are
                  | visible. [an orb of fire]
 78884 | Zot:5    | Lost mutation: You are partially covered in iridescent
                  | scales. (AC +2) [an orb of fire]
 78885 | Zot:5    | Killed an orb of fire
 78936 | Zot:5    | Noticed an orb of fire
 78957 | Zot:5    | Lost mutation: Your mind is acute. (Int +2) [an orb of
                  | fire]
 78964 | Zot:5    | Killed an orb of fire
 79244 | Zot:5    | Noticed an orb of fire
 79244 | Zot:5    | Noticed an orb of fire
 79252 | Zot:5    | Gained mutation: Armour fits poorly on your strangely
                  | shaped body. [an orb of fire]
 79264 | Zot:5    | Gained mutation: You are occasionally teleported next to
                  | monsters. [an orb of fire]
 79266 | Zot:5    | Killed an orb of fire
 79271 | Zot:5    | Gained mutation: Your magical capacity is low. (-10% MP)
                  | [an orb of fire]
 79276 | Zot:5    | Gained mutation: You have hidden genetic defects. [an orb
                  | of fire]
 79278 | Zot:5    | Killed an orb of fire
 79333 | Zot:5    | Lost mutation: You passively map a small area around you.
                  | [potion of mutation]
 79333 | Zot:5    | Lost mutation: Your spells are a little easier to cast, but
                  | a little less powerful. [potion of mutation]
 79333 | Zot:5    | Lost mutation: Armour fits poorly on your strangely shaped
                  | body. [potion of mutation]
 79333 | Zot:5    | Gained mutation: You are weak. (Str -2) [potion of
                  | mutation]
 79333 | Zot:5    | Gained mutation: You tend to lose your temper in combat.
                  | [potion of mutation]
 79333 | Zot:5    | Gained mutation: You passively map a small area around you.
                  | [potion of mutation]
 79334 | Zot:5    | Lost mutation: You tend to lose your temper in combat.
                  | [potion of mutation]
 79334 | Zot:5    | Lost mutation: Your magical capacity is low. (-10% MP)
                  | [potion of mutation]
 79334 | Zot:5    | Gained mutation: You are agile. (Dex +2) [potion of
                  | mutation]
 79334 | Zot:5    | Gained mutation: You are strong-willed. (Will+) [potion of
                  | mutation]
 79335 | Zot:5    | Lost mutation: You have a pair of small antennae on your
                  | head. [potion of mutation]
 79335 | Zot:5    | Lost mutation: You are occasionally teleported next to
                  | monsters. [potion of mutation]
 79335 | Zot:5    | Gained mutation: You have a pair of small horns on your
                  | head. [potion of mutation]
 79685 | Zot:5    | Reached skill level 15 in Evocations
 79980 | Zot:5    | Gained mutation: You tend to lose your temper in combat.
                  | [hidden defects]
 80053 | Zot:5    | Noticed a dread lich
 80068 | Zot:5    | Killed a dread lich
 80077 | Zot:5    | Noticed an orb of fire
 80086 | Zot:5    | Gained mutation: Potions are less effective at restoring
                  | your health. [an orb of fire]
 80088 | Zot:5    | Gained mutation: You are frail. (-10% HP) [an orb of fire]
 80098 | Zot:5    | Gained mutation: You often lose your temper in combat. [an
                  | orb of fire]
 80101 | Zot:5    | Killed an orb of fire
 80166 | Zot:5    | Noticed an ancient lich
 80177 | Zot:5    | Killed an ancient lich
 80206 | Zot:5    | Noticed an orb of fire
 80409 | Zot:5    | Lost mutation: Potions are less effective at restoring your
                  | health. [an orb of fire]
 80416 | Zot:5    | Gained mutation: You are very weak. (Str -4) [an orb of
                  | fire]
 80420 | Zot:5    | Killed an orb of fire
 80532 | Zot:5    | Noticed an ancient lich
 80541 | Zot:5    | Killed an ancient lich
 80542 | Zot:5    | Gained mutation: You have terrible hidden genetic defects.
                  | [hidden defects]
 80542 | Zot:5    | Lost mutation: You have terrible hidden genetic defects.
                  | [hidden defects expressed]
 81257 | Hell     | Entered the Vestibule of Hell
 81257 | Hell     | Noticed Geryon
 81270 | Hell     | Killed Geryon
 81270 | Hell     | Received a gift from Trog
 81845 | Hell     | Found a gateway to the Iron City of Dis.
 81852 | Hell     | Gained mutation: You are dopey. (Int -2) [hidden defects]
 82054 | Hell     | Reached skill level 27 in Maces & Flails
 82173 | Hell     | Found a gateway to the ashen valley of Gehenna.
 82269 | Hell     | Found a gateway to the decaying netherworld of Tartarus.
 82344 | Hell     | Received a gift from Trog
 82345 | Hell     | Found a gateway to the freezing wastes of Cocytus.
 82842 | Geh:1    | Entered Level 1 of Gehenna
 83299 | Geh:2    | Lost mutation: You are agile. (Dex +2) [hidden defects]
 83299 | Geh:2    | Lost mutation: You have hidden genetic defects. [hidden
                  | defects expressed]
 83601 | Geh:3    | Received a gift from Trog
 83751 | Geh:4    | Reached skill level 5 in Dodging
 83864 | Geh:4    | HP: 7/147 [balrug/divine providence (10)]
 83865 | Geh:4    | HP: 3/147 [balrug/fireball (4)]
 84379 | Zot:5    | Got the Orb of Zot
 84410 | Zot:5    | Noticed Umuvaafie the pandemonium lord
 84435 | Zot:5    | Gained mutation: Your body often deteriorates upon taking
                  | damage. [a cacodemon]
 84437 | Zot:5    | Gained mutation: You are clumsy. (Dex -2) [a cacodemon]
 84449 | Zot:4    | Noticed Suepleaw the pandemonium lord
 84479 | Zot:4    | Gained mutation: You sometimes lose the ability to read
                  | scrolls when taking damage. [a neqoxec]
 84482 | Zot:4    | Gained mutation: Armour fits poorly on your strangely
                  | shaped body. [a neqoxec]
 84505 | Zot:2    | Noticed Cepi the pandemonium lord
 84557 | Zot:1    | Noticed Muasa the pandemonium lord
 84574 | Zot:1    | Noticed Gefiop the pandemonium lord
 84617 | Depths:4 | HP: 5/151 [Muasa the pandemonium lord (19)]
 84618 | Depths:4 | Killed from afar by a daeva

Illustrated notes

Levels and vault maps discovered:
D:1:      lemuel_arrival_lava_pool, layout_basic
D:2:      layout_rooms, serial_shops, nicolae_shop_waterfront,
          lexackson_kobold_supper
D:3:      layout_rooms, nicolae_sif_muna_condensation,
          nicolae_qazlal_scattered_showers, gammafunk_temple_overflow_wave,
          shapermc_ecumenical_altar_acropolis, kennysheep_generic_room_12,
          uniq_grinder
D:4:      layout_basic, minmay_pentangle
D:5:      layout_cave_pods, worldfamousw_hep_ancestral_shrine, uniq_edmund,
          uniq_menkaure
D:6:      layout_basic, mainiacjoe_overflow_paths
D:7:      layout_gridville, mainiacjoe_overflow_tiny_flanked,
          jmf_multi_god_temple2, mainiacjoe_overflow_surrounded_room,
          amcnicky_altar_gilded, minmay_temple_entry_overgrown,
          nicolae_stop_n_shop_2, uniq_duvessa, uniq_prince_ribbit1
D:8:      layout_cave_pods, lemuel_coloured_pillars_altar,
          minmay_increasing_density, uniq_maggie, uniq_harold
D:9:      layout_cave_pods, mainiacjoe_overflow_small_starburst
D:10:     layout_rooms, erik_lair_island, orc_david_3, serial_shops,
          nicolae_shop_window_shopping, shop_fountains, minmay_misc_feat_alley,
          kennysheep_just_a_vault
D:11:     layout_roguey, enter_bailey_3
D:12:     minmay_gate_of_8, layout_loops_corners, serial_shops, shop
D:13:     layout_layer_cave, enter_trove_2
D:14:     layout_loops_ring, grunt_vaults_entry_fortified,
          hangedman_decor_opposing
D:15:     hangedman_depths_entry_civil_slaughter, layout_gridville,
          tso_metal_star, grunt_ministairs_8, ashenzari_altar_1
Temple:   compressed_dpeg_triangle_lava_temple
Lair:1:   layout_hall_layers
Lair:2:   layout_layer_cave, guppyfry_snake_entry_garden, grunt_megastairs_4
Lair:3:   layout_roguey, ebering_ghost_xom, lemuel_fruit_tree,
          grunt_megastairs_3, serial_bayou_shore_a
Lair:4:   layout_long_grid, minmay_swamp_entry_worms, gammafunk_ghost_hive,
          uniq_josephine
Lair:5:   layout_cave_pods
Lair:6:   cheibrodos_lair_end_hotspot, layout_layer_cave,
          dpeg_slime_entry_enclosed_altar, special_room [special_room_bee],
          st_stairs_10, lemuel_fruit_fields
Swamp:1:  layout_basic_swamp, evilmike_swamp_ruin_house_3
Swamp:2:  layout_falls_marsh, gammafunk_ghost_arena, hangedman_swamp_cone
Swamp:3:  layout_basic_swamp, evilmike_swamp_ruin_house_4, swamp_pool4,
          nicolae_swamp_feature_on_the_river_bank
Swamp:4:  byrel_swamp_growth_death_and_undeath, layout_basic_swamp, swamp_pool4,
          nicolae_swamp_fairy_circle, nicolae_swamp_very_dense_foliage
Snake:1:  layout_onion_interference, ebering_ghost_xom, uniq_frances
Snake:2:  layout_basic, nicolae_snake_serpentine_hallways
Snake:3:  layout_chambers, uniq_vashnia, uniq_aizul
Snake:4:  snake_pit, layout_misc_corridors, abandoned_shop, uniq_donald,
          uniq_saint_roka
Slime:1:  layout_caves
Slime:2:  layout_caves
Slime:3:  layout_caves
Slime:4:  nicolae_slime_pool, layout_caves
Slime:5
Orc:1:    layout_diamond_mine, uniq_urug
Orc:2:    grunt_orc_community_town_hall, layout_caves,
          grunt_orc_community_big_house_1, grunt_orc_community_big_house_2,
          grunt_orc_community_house_1, grunt_orc_community_house_2,
          grunt_orc_community_house_1, grunt_orc_community_house_2,
          grunt_orc_community_house_3
Elf:1:    eino_elf_arrival_shootout, layout_loops_cross,
          ebering_ghost_disaster_area, evilmike_minifort,
          serial_sigils_hangedman_scar, ebering_dispersal_statue_hall,
          lemuel_upstairs_altar, uniq_kirke
Elf:2:    nicolae_elf_blades_crystal_corner, layout_geoelf_grid, serial_shops,
          nicolae_shop_advertising_works [nicolae_subvault_shop_adworks],
          ebering_ghost_inner_flame
Elf:3:    elf_hall, layout_geoelf_octagon, nicolae_twisting_strands,
          nicolae_elf_vaults_five_recruitment_drive
Vaults:1: vaults_dpeg_cross, v_misc_29, serial_ice_m, hangedman_vaults_capsules,
          hangedman_vaults_slither, grunt_vaults_trifunnel, v_misc_11,
          vaults_room_grunt_arrival_ludios, layout_vaults_big_cross
Vaults:2: minmay_crypt_entry_simple_plaza, vaults_dpeg_ring,
          nicolae_vaults_border_crossing, hangedman_vaults_stream,
          hangedman_vaults_snaps, vaults_room_large_hall, vaults_room_corners,
          layout_vaults_omnigrid, uniq_margery, uniq_asterion
Vaults:3: v_misc_32, nicolae_vaults_little_squares_3, ontoclasm_vaults_hangar,
          hangedman_vaults_slice, vaults_room_corners, nicolae_vaults_little_ls,
          v_pattern_4, v_misc_19, hangedman_vaults_unwind,
          hangedman_vaults_corner_blocks, ontoclasm_vaults_ligature, v_rooms_2,
          serial_ice_b, layout_vaults_omnibox, serial_shops, nicolae_shop_stone,
          uniq_bai_suzhen
Vaults:4: gammafunk_ghost_mausoleum, v_misc_2, st_lines,
          nicolae_vaults_network_star, v_misc_17, nicolae_vaults_rhombus_7,
          hangedman_vaults_restitches, ontoclasm_vaults_ring_small, v_misc_23,
          grunt_vaults_funnel, ontoclasm_vaults_hangar,
          hangedman_vaults_stagger, ontoclasm_vaults_shuriken, v_misc_22,
          hangedman_vaults_impose, vaults_mumra_hexcomb,
          layout_vaults_maze_bifur
Vaults:5: uniq_boris
Depths:1: layout_basic, pf_vacation_house_of_asmodeus,
          nicolae_elyvilon_temple_path, minmay_liquid_box, slow_altar_1,
          uniq_mara
Depths:2: minmay_diamond_stairs, layout_gridlike, hangedman_tar_grid_catacomb,
          grunt_pan_entry_spiral, nicolae_wu_jian_wuxing_cycle,
          nicolae_uskayaw_murder_on_the_dancefloor
Depths:3: grunt_bent_corner, layout_basic, nemelex_xobeh_ov_fountains_minmay,
          abyss_entry, hellmouth_1, minmay_staircase_bubble
Depths:4: evilmike_zot_entry_castle, layout_cave_pools, enter_ziggurat_c,
          pan_entry, hell_entry, lemuel_doored_altar,
          minmay_fractal_squares_diagonal_5
Hell
Geh:1:    layout_gehenna_pools_basic
Geh:2:    layout_gehenna_pools_box, lemuel_old_faithful
Geh:3:    layout_gehenna_lava_caves
Geh:4:    nicolae_geh_i_lava_good_maze [nicolae_geh_lavamaze_orthhalf_recurse,
          nicolae_geh_lavamaze_orthhalf_recurse]
Zot:1:    gammafunk_mikee_crab_dinner, layout_gridlike
Zot:2:    layout_basic, st_stairs_13
Zot:3:    kennysheep_blocky_room, layout_misc_corridors,
          hangedman_zot_decor_checkerboard
Zot:4:    layout_twisted_circle
Zot:5:    layout_cathedral_of_symmetry

Skill      XL: |  1  2  3  4  5  6  7  8  9 10 11 12 13 14 15 16 17 18 19 20 21 22 23 24 25 26 27 |
---------------+----------------------------------------------------------------------------------+-----
Maces & Flails | 4 5 6 8 10 12 14 16 17 18 20 22 27 | 27.0
Armour         | 3 4 5 6 7 8 12 14 16 17 19 20 21 22 23 24 25 26 27 | 27.0
Fighting       | 4 5 6 8 10 11 13 15 17 19 20 21 23 25 26 27 | 27.0
Shields        | 5 9 11 13 16 19 21 22 23 24 25 27 | 27.0
Evocations     | 19 | 19.2
Dodging        | 5 |  5.3

Action                   |  1- 3 |  4- 6 |  7- 9 | 10-12 | 13-15 | 16-18 | 19-21 | 22-24 | 25-27 || total
-------------------------+-------+-------+-------+-------+-------+-------+-------+-------+-------++-------
Melee: Mace              |   126 |    58 |       |       |       |       |       |       |       ||   184
       Whip              |       |    75 |   185 |       |       |       |       |       |       ||   260
       Flail             |       |       |   140 |       |       |       |       |       |       ||   140
       Morningstar       |       |       |    15 |   494 |  1229 |   919 |  1961 |  2156 |  3398 || 10172
       Headbutt          |       |       |       |       |       |       |       |       |   211 ||   211
Throw: Dart              |       |       |       |    26 |     4 |     4 |       |       |       ||    34
Invok: Berserk           |       |     2 |     3 |    11 |     6 |     4 |     3 |     7 |    12 ||    48
       Trog's Hand       |       |     1 |       |     1 |       |       |       |       |     2 ||     4
       Brothers in Arms  |       |       |       |       |       |     1 |     4 |       |    10 ||    15
 Abil: Evoke Blink       |       |       |       |       |       |       |       |       |     5 ||     5
Evoke: Wand              |       |       |     4 |    15 |    26 |    19 |    11 |       |       ||    75
       Box of beasts     |       |       |       |       |       |       |       |       |     1 ||     1
  Use: Scroll            |       |       |     6 |     6 |    10 |     8 |    11 |     6 |    10 ||    57
       Potion            |       |       |     1 |     2 |     5 |    10 |     1 |       |    23 ||    42
 Stab: Petrified         |       |       |       |       |     3 |       |       |       |       ||     3
       Petrifying        |       |       |       |       |     1 |       |       |       |       ||     1
       Invisible         |       |       |       |       |       |       |     2 |       |     4 ||     6
       Confused          |       |       |       |       |       |       |       |       |     2 ||     2
       Paralysed         |       |       |       |       |       |       |       |       |     2 ||     2
Armor: Animal skin       |    25 |       |       |       |       |       |       |       |       ||    25
       Ring mail         |    29 |    46 |       |    50 |       |       |       |       |       ||   125
       Chain mail        |       |    15 |   189 |   285 |   733 |       |       |       |       ||  1222
       Plate armour      |       |       |       |       |   152 |   942 |  1074 |   940 |       ||  3108
       Gold dragon scale |       |       |       |       |       |       |       |   536 |   185 ||   721
       Crystal plate arm |       |       |       |       |       |       |       |       |  2411 ||  2411
Dodge: Dodged            |    63 |    75 |   123 |   225 |   480 |   304 |   406 |   462 |  1083 ||  3221
Block: Buckler           |       |       |       |       |    59 |    48 |       |       |       ||   107
       Kite shield       |       |       |       |       |       |   344 |   967 |  1247 |  2231 ||  4789
       Reflection        |       |       |       |       |       |       |    68 |    28 |    67 ||   163

Table legend: (Time is in decaauts)
 A = Elapsed time spent in this place.
 B = Non-inter-level travel time spent in this place.
 C = Inter-level travel time spent in this place.
 D = Time resting spent in this place.
 E = Time spent auto-exploring this place.
 F = Levels seen in this place.
 G = Mean time per level.
                   A        B        C        D        E       F      G
               +--------+--------+--------+--------+--------+-----+--------+
         Total |  82411 |  74473 |   7938 |  16618 |  30134 |  63 | 1308.1 |
       Dungeon |  22341 |  20050 |   2291 |   6240 |   7743 |  15 | 1489.4 |
        Temple |    324 |    314 |     10 |      0 |    306 |   1 |  324.0 |
          Lair |   9688 |   7630 |   2058 |   1097 |   4283 |   6 | 1614.7 |
         Swamp |   5202 |   4705 |    497 |   1286 |   1897 |   4 | 1300.5 |
     Snake Pit |   5477 |   5130 |    347 |    860 |   2154 |   4 | 1369.2 |
    Slime Pits |   3580 |   3336 |    244 |    668 |   1607 |   5 |  716.0 |
  Orcish Mines |   2594 |   2350 |    244 |    237 |    951 |   2 | 1297.0 |
   Elven Halls |   3263 |   3103 |    160 |    165 |   1687 |   3 | 1087.7 |
        Vaults |   9540 |   8608 |    932 |   1423 |   3691 |   5 | 1908.0 |
        Depths |   7907 |   7300 |    607 |   1733 |   2505 |   4 | 1976.8 |
          Hell |   1440 |   1435 |      5 |    384 |    389 |   1 | 1440.0 |
       Gehenna |    995 |    995 |      0 |    246 |     80 |   4 |  248.8 |
           Zot |   8643 |   8103 |    540 |   1891 |   2750 |   5 | 1728.6 |
         Abyss |    808 |    808 |      0 |     33 |     89 |   3 |  269.3 |
        Bailey |    603 |    603 |      0 |    350 |      0 |   1 |  603.0 |
               +--------+--------+--------+--------+--------+-----+--------+

Top non-repeatable levels by time:
   Zot:5: 3250 daAuts
Vaults:4: 2518 daAuts
Depths:3: 2486 daAuts
 Swamp:4: 2398 daAuts
    D:12: 2382 daAuts
 Snake:3: 2270 daAuts
Vaults:3: 2263 daAuts
Depths:4: 2151 daAuts
    D:10: 2049 daAuts
  Lair:3: 1938 daAuts
Depths:2: 1929 daAuts
  Lair:4: 1886 daAuts
     D:6: 1871 daAuts
     D:8: 1863 daAuts
     D:5: 1744 daAuts
